 Dungeon Crawl Stone Soup version 0.30-a0-459-g9104f0fc43 (webtiles) character file.

Game seed: 6474075958935280276

48 HoaS the Shooter (level 4, -2/26 HPs)
             Began as a Kobold Hunter on Dec 15, 2022.
             Killed from afar by an orc wizard (8 damage)
             ... with a magic dart
             ... on level 2 of the Dungeon.
             The game lasted 00:02:17 (1853 turns).

HoaS the Shooter (Kobold Hunter)                    Turns: 1853, Time: 00:02:17

Health: -2/26      AC:  3    Str: 11    XL:     4   Next: 0%
Magic:  4/4        EV: 15    Int: 12    God:
Gold:   131        SH:  0    Dex: 26    Spells: 3/3 levels left

rFire   . . .      SeeInvis .    a - +1 shortbow
rCold   . . .      Faith    .    (shield currently unavailable)
rNeg    . . .      Spirit   .    c - +0 leather armour
rPois   .          Reflect  .    (no helmet)
rElec   .          Harm     .    (no cloak)
rCorr   .          Rampage  .    (no gloves)
Will    .....                    (no boots)
Stlth   +++.......               (no amulet)
HPRegen 0.24/turn                e - ring "Jippol" {Str+3 Int+2 Dex+6}
MPRegen 0.09/turn                (no ring)

@: no status effects
A: small, no large weapons, nightstalker 3
a: no special abilities


You were on level 2 of the Dungeon.
You visited 1 branch of the dungeon, and saw 3 of its levels.

You collected 131 gold pieces.

Inventory:

Hand Weapons
 a - a +1 shortbow (weapon)
Armour
 c - a +0 leather armour (worn)
Jewellery
 e - the ring "Jippol" (left hand) {Str+3 Int+2 Dex+6}
   (You found it on level 2 of the Dungeon)

   [ring of dexterity]

   Str:       It affects your strength (+3).
   Int:       It affects your intelligence (+2).
   Dex:       It affects your dexterity (+6).
Scrolls
 b - 2 scrolls of immolation
 g - 2 scrolls of identify
Potions
 d - a potion of lignification
 f - a potion of flight
 h - a potion of invisibility


   Skills:
 - Level 2.1 Fighting
 + Level 7.0 Ranged Weapons
 - Level 2.4 Dodging
 - Level 1.3 Stealth


You had 3 spell levels left.
You didn't know any spells.
Your spell library contained the following spells:

 Spells                   Type           Power      Damage    Failure   Level
 Ignite Poison            Fire/Tmut/Pois 0%         N/A       78%         3
 Kindle Blastsparks       Fire/Tloc/Air  0%         2d10      78%         3
 Freezing Cloud           Conj/Ice/Air   0%         6-21      100%        5


Dungeon Overview and Level Annotations

Branches:
Dungeon (3/15)

Altars:


Innate Abilities, Weirdness & Mutations

You are small and have problems with some larger weapons.
You are completely attuned to the shadows.


Message History

In your confused state, you trip and fall back down the stairs.
The orc wizard hits you but does no damage.
The orc hits you but does no damage. The orc wizard misses you.
The orc closely misses you.
You climb upwards.
There is a stone staircase leading down here.
You miss the orc wizard.
The orc wizard gestures at you while chanting.
The magic dart hits you!
You clumsily bash the orc wizard but do no damage.
The orc wizard closely misses you.
The orc wizard hits you but does no damage.
You barely miss the orc wizard. The orc wizard casts a spell at you.
You resist with some effort.
You bump into the rock wall.
The orc wizard closely misses you.
The orc wizard hits you with a +0 dagger.
Things that are here:
a +0 ring mail; a +0 club You bump into the rock wall.
The orc wizard barely misses you.
You bump into the rock wall.
You feel less confused.
The orc wizard hits you with a +0 dagger.
You shoot an arrow.
The arrow closely misses the orc wizard.
The orc wizard misses you.
You shoot an arrow. The arrow barely misses the orc wizard.
The orc wizard closely misses you. The orc wizard barely misses you.
You shoot an arrow. The arrow hits the orc wizard!
The orc wizard is severely wounded.
The orc wizard hits you with a +0 dagger.
* * * LOW HITPOINT WARNING * * *
You shoot an arrow. The arrow hits the orc wizard.
The orc wizard is almost dead.
The orc wizard hits you but does no damage.
You shoot an arrow.
The arrow closely misses the orc wizard.
The orc wizard points at you and mumbles some strange words.
The magic dart hits you!
You die...

#.# ############### #.##
###########.......#
...###
#.............<...######
.....#
#.#########.####........
..<#.# #.#
#.##.........# ####.#
#.# ######.##.##.####.#
#.# #.# #.........##.#
#.# #.#
#.####)####.......# #.#
#.# #....)>@....#######
#.. ####.# #.####o####.#
### #....### #.# #.# #.#
# #.)...)# #.# #.# #.#
#......###.####.# #.#
#...............# #.#
#............#### #.#
#.....).##.#.# #.#
..รท.....##.#.#######.#


You could see an orc wizard.

Vanquished Creatures
  An adder (D:2)
  3 orcs
  2 bats
  2 endoplasms (D:1)
  2 giant cockroaches
  3 hobgoblins
  4 jackals (D:2)
  4 ball pythons
  2 frilled lizards (D:1)
  6 goblins
  3 kobolds
  A rat (D:2)
33 creatures vanquished.

Notes
Turn   | Place    | Note
-------+----------+-------------------------------------------
     0 | D:1      | HoaS the Kobold Hunter began the quest for the Orb.
     0 | D:1      | Reached XP level 1. HP: 12/12 MP: 1/1
   192 | D:1      | Found a faded altar of an unknown god.
   403 | D:1      | Reached XP level 2. HP: 17/17 MP: 2/2
   462 | D:1      | Reached skill level 6 in Ranged Weapons
  1208 | D:2      | Identified the ring "Jippol" {Str+3 Int+2 Dex+6}
  1317 | D:2      | Reached XP level 3. HP: 21/21 MP: 3/3
  1527 | D:2      | Identified the +9 sling "Buaral" {flame, rCorr Str+4 Dex+2}
  1796 | D:3      | Reached skill level 7 in Ranged Weapons
  1820 | D:3      | Reached XP level 4. HP: 26/26 MP: 4/4
  1853 | D:2      | Killed from afar by an orc wizard

Illustrated notes

Levels and vault maps discovered:
D:1:      tekkud_arrival_beachfront_property, layout_loops_ring,
          hellmonk_ecumenical_altar_blasted
D:2:      layout_loops_ring
D:3:      layout_rooms, nicolae_overflow_crystal_walls, serial_undead,
          serial_undead_a, serial_undead_b, serial_undead_d, serial_undead_b,
          nrook_campfire

Skill      XL: |  1  2  3 |
---------------+----------+-----
Ranged Weapons | 6 7 |  7.0
Fighting       | |  2.1
Dodging        | |  2.4
Stealth        | |  1.3

Action                   |  1- 3 |  4- 6 || total
-------------------------+-------+-------++-------
Melee: Shortbow          |       |     3 ||     3
 Fire: Shortbow          |    80 |     5 ||    85
  Use: Scroll            |     7 |       ||     7
Armor: Leather armour    |    10 |     5 ||    15
Dodge: Dodged            |    34 |    13 ||    47

Table legend: (Time is in decaauts)
 A = Elapsed time spent in this place.
 B = Non-inter-level travel time spent in this place.
 C = Inter-level travel time spent in this place.
 D = Time resting spent in this place.
 E = Time spent auto-exploring this place.
 F = Levels seen in this place.
 G = Mean time per level.
                   A        B        C        D        E       F      G
               +--------+--------+--------+--------+--------+-----+--------+
         Total |   1883 |   1844 |     39 |    187 |   1420 |   3 |  627.7 |
       Dungeon |   1883 |   1844 |     39 |    187 |   1420 |   3 |  627.7 |
               +--------+--------+--------+--------+--------+-----+--------+

Top non-repeatable levels by time:
     D:2: 954 daAuts
     D:1: 868 daAuts
     D:3: 60 daAuts
